cohdb
Replays
Latest Replays
All Replays
Popular Replays
Top Player Replays
Match Explorer
How It Works
Community
CoH3 Stats
Reddit
Sign in to upload your games and track your stats! →
Sign in with Steam
Match 42606276
Unlisted
Match 42606276
Overview
Messages
Build Orders
End
Scout Squad
Selects Airborne Battlegroup
Selects Pathfinders
Construct Weapon Support Center
M1919 Machine Gun Team
M1919 Machine Gun Team
Construct Medical Station
Mechanized Support Center
Selects Paratrooper Squad Paradrop
Paratrooper Squad Paradrop
Paratrooper Squad Paradrop
Construct Motor Pool
M3 75 mm Gun Motor Carriage
Bran
DrewP
Dillbro
Eisenkreuzkrieger
Hirai Yuzuru
Kim Jong-un
0
0
Comments
sign in to comment!
No comments posted yet!